 Dungeon Crawl Stone Soup version 0.29.1-12-g30fa7ad0bf (webtiles) character file.

Game seed: 8572279442598504961

49 scionoferis the Poker (level 3, -2/30 HPs)
             Began as a Merfolk Abyssal Knight on Dec 12, 2022.
             Was a Priest of Lugonu.
             Slain by Natasha (7 damage)
             ... on level 2 of the Dungeon.
             The game lasted 00:02:52 (1319 turns).

scionoferis the Poker (Merfolk Abyssal Knight)      Turns: 1319, Time: 00:02:52

Health: -2/30      AC:  3    Str: 15    XL:     3   Next: 75%
Magic:  5/5        EV: 12    Int:  9    God:    Lugonu [***...]
Gold:   42         SH:  0    Dex: 14    Spells: 2/2 levels left

rFire   + . .      SeeInvis .   a - +1 spear
rCold   + . .      Faith    .   (no shield)
rNeg    . . .      Spirit   .   b - +0 leather armour
rPois   .          Reflect  .   (no helmet)
rElec   .          Harm     .   (no cloak)
rCorr   .          Rampage  .   (no gloves)
Will    .....                   (no boots)
Stlth   +.........              (no amulet)
HPRegen 0.10/turn               c - ring of protection from cold
MPRegen 0.09/turn               e - ring of protection from fire

@: no status effects
A: (nimble swimmer 2), mertail
a: Renounce Religion, Depart the Abyss, Bend Space, Banish


You were on level 2 of the Dungeon.
You worshipped Lugonu.
Lugonu was most pleased with you.
You visited 1 branch of the dungeon, and saw 2 of its levels.
You visited the Abyss 1 time.

You collected 42 gold pieces.


Innate Abilities, Weirdness & Mutations

((You are very nimble when in or above water. (Stealth+, EV+, Speed+++)))
Your lower body shifts to a powerful aquatic tail in water.


   Skills:
 + Level 3.7 Fighting
 * Level 4.2 Polearms
 - Level 0.6 Armour
 - Level 2.6 Dodging
 + Level 2.7 Invocations


You had 2 spell levels left.
You didn't know any spells.
Your spell library was empty.

Inventory:

Hand Weapons
 a - a +1 spear (weapon)
Armour
 b - a +0 leather armour (worn)
Jewellery
 c - a ring of protection from cold (left hand)
   (You found it on level 1 of the Dungeon)
 e - a ring of protection from fire (right hand)
   (You found it on level 1 of the Dungeon)
Scrolls
 d - a scroll of magic mapping {unknown}
 f - 2 scrolls of identify {unknown}
 g - a scroll of torment {unknown}
 h - a scroll of immolation {unknown}

Dungeon Overview and Level Annotations

Branches:
Dungeon (2/15)

Altars:

Annotations:
D:2 Natasha

#..........#.###.#.##.#.
#..........#...#.#)##.#.
#######'##.###.#.#.##.#
#.##.# #.#.#.# .#
#.##.###.#.#.#
#.##...(.#.#.# .
#.########
#)..###[.......
.......@5..####
#######h##<# .§. .#
##..# # #... ##.#. .#.
.# .


You could see an iron imp (summoned) and Natasha.


Message History

Welcome, scionoferis the Merfolk Abyssal Knight.
The terrific Orb of Zot lies far below, as if waiting for you to find it.
Lugonu says: Depart the Abyss and spread corruption, my servant! (use the ability menu to exit the Abyss) Press ? for a list of commands and other information.
Found a gateway leading out of the Abyss.
You pass through the gate.
There is a staircase leading out of the dungeon here.
A kobold comes into view. It is wielding a +0 short sword.
The kobold shouts!
You hear a shout!
You reach to attack!
You closely miss the kobold.
You reach to attack!
You hit the kobold.
The kobold is heavily wounded.
You hit the kobold.
You kill the kobold!
Lugonu accepts your kill.
No target in view!
A goblin and a kobold come into view.
The kobold shouts!
You reach to attack!
You hit the kobold.
The kobold is moderately wounded.
You barely miss the kobold.
The kobold is moderately wounded.
The kobold hits you with a +0 whip.
You hit the kobold.
You kill the kobold!
Lugonu accepts your kill.
No target in view!
No target in view!
HP restored.
You see here a +0 whip.
The goblin shouts!
A kobold comes into view. It is wielding a +0 dagger.
A goblin comes into view. It is wielding a +0 dagger.
You see here a +0 whip.
You reach to attack!
You miss the goblin. You barely miss the goblin. The goblin barely misses you.
You completely miss the goblin. The goblin hits you but does no damage.
You hit the goblin.
You kill the goblin!
Lugonu accepts your kill.
You barely miss the goblin. The goblin closely misses you.
You barely miss the goblin. The goblin hits you but does no damage.
You barely miss the goblin. The goblin closely misses you.
You hit the goblin.
You kill the goblin!
Lugonu accepts your kill.
Your Polearms skill increases to level 3!
No target in view!
Items here: ))) †.
c - a ring of protection from cold
c - a ring of protection from cold (left hand)
A ball python comes into view.
You reach to attack!
You hit the ball python.
You kill the ball python!
Lugonu accepts your kill.
No target in view!
A frilled lizard comes into view.
A goblin comes into view. It is wielding a +0 dagger.
The frilled lizard hisses angrily.
The goblin shouts!
You hear a shout!
You reach to attack!
You hit the frilled lizard.
You kill the frilled lizard!
Lugonu accepts your kill.
You have reached level 2!
You reach to attack!
You closely miss the goblin.
A goblin comes into view. It is wielding a +0 dagger.
You completely miss the goblin. The goblin hits you but does no damage.
You barely miss the goblin. The goblin hits you with a +0 dagger.
You hit the goblin.
The goblin is moderately wounded.
You closely miss the goblin.
The goblin is moderately wounded.
The goblin hits you with a +0 dagger.
You hit the goblin.
The goblin is severely wounded.
The goblin hits you but does no damage.
You hit the goblin.
You kill the goblin!
Lugonu accepts your kill.
You reach to attack!
You hit the goblin.
The goblin is moderately wounded.
You puncture the goblin!
You kill the goblin!
Lugonu accepts your kill.
No target in view!
A goblin comes into view. It is wielding a +0 dagger.
The goblin shouts!
You reach to attack!
You hit the goblin.
You kill the goblin!
Lugonu accepts your kill.
No target in view!
No target in view!
Things that are here:
a +0 dagger; a +0 dagger; a goblin corpse You see here a +0 dagger.
Found a robe.
You now have 9 gold pieces.
Found a stone staircase leading down.
An endoplasm comes into view.
There is a stone staircase leading down here.
The endoplasm quivers. 2 endoplasms come into view.
The endoplasm quivers.
The endoplasm quivers.
You reach to attack!
You hit the endoplasm.
The endoplasm is lightly wounded.
You hit the endoplasm.
You kill the endoplasm!
Lugonu accepts your kill.
You hit the endoplasm.
The endoplasm is heavily wounded.
The endoplasm freezes you.
You are frozen.
You resist.
You hit the endoplasm.
You kill the endoplasm!
Lugonu accepts your kill.
You hit the endoplasm.
The endoplasm is almost dead.
The endoplasm hits you but does no damage.
You hit the endoplasm.
You kill the endoplasm!
Lugonu accepts your kill.
No target in view!
A jackal comes into view.
The jackal barks!
You hear a bark!
You hear a shout!
A jackal comes into view.
You reach to attack!
You hit the jackal.
The jackal is heavily wounded.
A rat comes into view.
You hit the jackal.
The jackal is almost dead.
The jackal barely misses you.
You closely miss the jackal.
The jackal is almost dead.
The jackal barely misses you. The jackal closely misses you.
You hit the jackal.
You kill the jackal!
Lugonu accepts your kill. The jackal barely misses you.
You closely miss the jackal. The jackal bites you.
You barely miss the jackal. The jackal closely misses you.
You barely miss the jackal. The jackal closely misses you.
The jackal bites you but does no damage.
You barely miss the jackal.
The jackal bites you but does no damage.
You closely miss the jackal.
The jackal bites you but does no damage.
You hit the jackal.
The jackal is moderately wounded.
The jackal closely misses you. The jackal bites you.
You hit the jackal.
The jackal is severely wounded.
The jackal barely misses you.
You closely miss the jackal.
The jackal is severely wounded.
The jackal barely misses you.
You barely miss the jackal.
The jackal is severely wounded.
The jackal misses you. x2
You hit the jackal.
You kill the jackal!
Lugonu accepts your kill.
You hit the rat.
The rat is moderately wounded.
The rat bites you.
You hit the rat.
You kill the rat!
Lugonu accepts your kill.
No target in view!
No target in view!
You see here a rat corpse.
A goblin comes into view. It is wielding a +0 whip.
The goblin shouts!
A dart slug comes into view.
You see here a rat corpse.
You reach to attack!
You hit the goblin.
The goblin is heavily wounded.
You barely miss the goblin.
The goblin is heavily wounded.
You hit the goblin.
You kill the goblin!
Lugonu accepts your kill.
No target in view!
You see here a +0 whip.
You see here a rat corpse.
The dart slug launches a dart at you. The slug dart hits you.
Found a club.
The dart slug launches a dart at you.
The slug dart hits you but does no damage.
Found an encrusted tourmaline ring.
The dart slug launches a dart at you. The slug dart hits you.
You hit the dart slug.
The dart slug is moderately wounded.
You hit the dart slug but do no damage.
The dart slug is moderately wounded.
The dart slug launches a dart at you. The slug dart hits you.
You hit the dart slug.
The dart slug is heavily wounded.
You hit the dart slug.
You kill the dart slug!
Lugonu accepts your kill.
No target in view!
No target in view!
d - a scroll labelled CATHRO MAARERE You see here a +0 club.
e - a ring of protection from fire
e - a ring of protection from fire (right hand)
f - a scroll labelled NOILACW YCAIDO A rat comes into view.
Found a stone staircase leading down.
You hit the rat.
You kill the rat!
Lugonu accepts your kill.
You have reached level 3!
Your experience leads to an increase in your attributes!
Increase (S)trength, (I)ntelligence, or (D)exterity?
You feel stronger. x2
You now have 19 gold pieces (gained 10).
A jackal and a bat come into view.
The jackal barks!
The bat closely misses you. The bat closely misses you.
A jackal comes into view.
The jackal moves out of view.
The jackal attacks as you move away! The jackal closely misses you.
The jackal attacks as you move away! The jackal misses you.
The jackal barely misses you. The jackal attacks as you move away!
The jackal bites you.
You closely miss the jackal. The jackal closely misses you.
The jackal misses you.
You barely miss the jackal. The jackal barely misses you.
You hit the jackal.
The jackal is almost dead.
The jackal bites you but does no damage.
You hit the jackal.
You kill the jackal!
Lugonu accepts your kill. The bat barely misses you.
You hit the bat but do no damage. The bat hits you.
A jackal comes into view.
The bat barely misses you. The bat misses you.
You see here a jackal corpse.
You hit the bat.
The bat is moderately wounded.
The bat hits you. The bat hits you but does no damage.
A jackal comes into view.
You closely miss the bat.
The bat is moderately wounded.
The jackal barks!
The bat closely misses you. x2; The bat hits you.
You closely miss the bat. The bat hits you.
The bat hits you but does no damage.
You hit the bat.
The bat is moderately wounded.
The bat completely misses you.
You hit the bat.
The bat is heavily wounded.
The bat closely misses you.
You closely miss the bat.
The bat is heavily wounded.
The bat hits you but does no damage. x2
You hit the bat.
You kill the bat!
Lugonu accepts your kill.
You can now banish your foes.
You hit the jackal.
The jackal is severely wounded.
The jackal bites you but does no damage.
The jackal bites you.
You hit the jackal.
The jackal is almost dead.
The jackal closely misses you.
You barely miss the jackal.
The jackal is almost dead.
The jackal bites you but does no damage.
You hit the jackal.
You kill the jackal!
Lugonu accepts your kill.
The jackal bites you but does no damage.
You hit the jackal but do no damage. The jackal closely misses you.
You hit the jackal.
The jackal is moderately wounded.
The jackal closely misses you.
You hit the jackal.
The jackal is heavily wounded.
The jackal closely misses you.
You hit the jackal.
You kill the jackal!
Lugonu accepts your kill. The jackal completely misses you.
You hit the jackal but do no damage. The jackal closely misses you.
You closely miss the jackal. The jackal barely misses you.
You hit the jackal but do no damage. The jackal closely misses you.
You hit the jackal.
The jackal is severely wounded.
The jackal closely misses you. The jackal barely misses you.
You closely miss the jackal.
The jackal is severely wounded.
The jackal bites you but does no damage.
You hit the jackal.
You kill the jackal!
Lugonu accepts your kill.
No target in view!
You now have 28 gold pieces (gained 9).
A frilled lizard comes into view.
The frilled lizard hisses angrily.
You see here a scroll labelled ZOPRUPHAREE.
g - a scroll labelled ZOPRUPHAREE An endoplasm comes into view.
You reach to attack!
You hit the frilled lizard.
You kill the frilled lizard!
Lugonu accepts your kill.
No target in view!
No target in view!
You see here a frilled lizard corpse.
A kobold comes into view. It is wielding a +0 dagger.
Found a faded altar of an unknown god.
The kobold shouts!
You closely miss the kobold. The kobold misses you.
You hit the kobold but do no damage. You hit the kobold.
You punch the kobold, but do no damage.
The kobold is moderately wounded.
The kobold hits you with a +0 dagger.
You closely miss the kobold.
The kobold is moderately wounded.
The kobold barely misses you.
You barely miss the kobold.
The kobold is moderately wounded.
The kobold hits you with a +0 dagger.
You hit the kobold.
You kill the kobold!
Lugonu accepts your kill.
No target in view!
An endoplasm comes into view.
You see here a +0 dagger.
You reach to attack!
You hit the endoplasm.
The endoplasm is lightly wounded.
You hit the endoplasm but do no damage.
The endoplasm is lightly wounded.
The endoplasm hits you.
You hit the endoplasm.
The endoplasm is severely wounded.
The endoplasm freezes you.
You are frozen.
You resist.
You hit the endoplasm.
You kill the endoplasm!
Lugonu accepts your kill.
Your Polearms skill increases to level 4!
No target in view!
There is a dry fountain here.
Your legs become a tail as you enter the water.
Your legs become a tail as you enter the water.
The endoplasm quivers.
You hit the endoplasm.
The endoplasm is moderately wounded.
The endoplasm hits you but does no damage.
You hit the endoplasm.
The endoplasm is almost dead.
The endoplasm completely misses you.
You hit the endoplasm.
You kill the endoplasm!
Lugonu accepts your kill.
No target in view!
An endoplasm comes into view.
The endoplasm moves out of view.
An endoplasm is nearby!
You reach to attack!
You puncture the endoplasm!
You kill the endoplasm!
Lugonu accepts your kill.
No target in view!
A kobold and a giant cockroach come into view.
The kobold shouts!
There are monsters nearby!
You reach to attack!
You hit the kobold.
You kill the kobold!
Lugonu accepts your kill.
You reach to attack!
You hit the giant cockroach.
The giant cockroach is almost dead.
You barely miss the giant cockroach.
The giant cockroach is almost dead.
The giant cockroach bites you.
You hit the giant cockroach.
You kill the giant cockroach!
Lugonu accepts your kill.
No target in view!
You see here a giant cockroach corpse.
You see here a +0 club.
f - 2 scrolls labelled NOILACW YCAIDO (gained 1)
A quokka comes into view.
You reach to attack!
The helpless quokka fails to defend itself.
You hit the quokka.
The quokka is severely wounded.
You hit the quokka.
You kill the quokka!
Lugonu accepts your kill.
No target in view!
There is a fountain of clear blue water here.
Your legs become a tail as you enter the water.
There is a dry fountain here.
Your legs become a tail as you enter the water.
Your legs become a tail as you enter the water.
A quokka comes into view.
Found a stone staircase leading down.
The quokka twitches its whiskers.
A giant cockroach comes into view.
You hit the quokka.
The quokka is lightly wounded.
The quokka bites you. The quokka closely misses you.
You miss the quokka. You punch the quokka, but do no damage.
The quokka is lightly wounded.
You hit the quokka.
The quokka is moderately wounded.
The quokka closely misses you.
The quokka twitches its whiskers.
The quokka barely misses you.
You miss the quokka.
The quokka is moderately wounded.
The quokka barely misses you.
You hit the quokka.
The quokka is heavily wounded.
The quokka bites you.
You puncture the quokka!
You kill the quokka!
Lugonu accepts your kill.
You hit the giant cockroach.
The giant cockroach is moderately wounded.
The giant cockroach misses you.
You barely miss the giant cockroach.
The giant cockroach is moderately wounded.
The giant cockroach misses you.
You closely miss the giant cockroach.
The giant cockroach is moderately wounded.
The giant cockroach closely misses you.
You hit the giant cockroach but do no damage.
The giant cockroach is moderately wounded.
The giant cockroach closely misses you. x2
You hit the giant cockroach.
The giant cockroach is severely wounded.
The giant cockroach bites you but does no damage.
You barely miss the giant cockroach.
The giant cockroach is severely wounded.
The giant cockroach misses you.
You closely miss the giant cockroach.
The giant cockroach is severely wounded.
The giant cockroach closely misses you.
You barely miss the giant cockroach. You punch the giant cockroach.
You kill the giant cockroach!
Lugonu accepts your kill.
No target in view!
There is a stone staircase leading down here.
A rat comes into view.
You hit the rat.
The rat is moderately wounded.
The rat bites you but does no damage.
You hit the rat.
You kill the rat!
Lugonu accepts your kill.
No target in view!
No target in view!
You see here a rat corpse.
A kobold is nearby!
You closely miss the kobold. The kobold hits you but does no damage.
You hit the kobold.
You kill the kobold!
Lugonu accepts your kill.
No target in view!
No target in view!
h - a scroll labelled SOF CINEICUNEKIE You now have 42 gold pieces (gained 14).
You see here a +0 dagger.
Things that are here:
a +0 dagger; a +0 club; a +0 whip
Things that are here:
a +0 dagger; a +0 dagger You see here a +0 dagger.
There is a stone staircase leading down here.
You see here a +0 whip.
Done exploring.
Search for what [? for help]? d:
Okay, then.
You can't go down here!
You see here a +0 whip.
There is a stone staircase leading down here.
You climb downwards.
There is a stone staircase leading up here.
A goblin comes into view. It is wielding a +0 club.
The goblin shouts!
You reach to attack!
You hit the goblin.
The goblin is severely wounded.
You reach to attack!
You barely miss the goblin.
The goblin is severely wounded.
You miss the goblin.
The goblin is severely wounded.
The goblin hits you but does no damage.
You hit the goblin.
You kill the goblin!
Lugonu accepts your kill.
No target in view!
Magic restored.
You see here a +0 club.
Found a stone staircase leading down.
You open the door.
There is an open door here.
A quokka comes into view.
You reach to attack!
You hit the quokka but do no damage. You miss the quokka. The quokka bites you.
You barely miss the quokka. The quokka bites you.
You completely miss the quokka. The quokka completely misses you.
You hit the quokka.
You kill the quokka!
Lugonu accepts your kill.
No target in view!
No target in view!
HP restored.
You see here a quokka corpse.
A ball python comes into view.
The ball python hisses angrily.
You see here a quokka corpse.
You reach to attack!
You hit the ball python.
The ball python is moderately wounded.
The ball python barely misses you. x2
You hit the ball python.
The ball python is severely wounded.
The ball python barely misses you. x2
You hit the ball python.
You kill the ball python!
Lugonu accepts your kill.
No target in view!
Things that are here:
a ball python corpse; a quokka corpse A ball python comes into view.
You reach to attack!
You strike the helpless ball python from behind!
You hit the ball python.
The ball python is heavily wounded.
You hit the ball python.
You kill the ball python!
Lugonu accepts your kill.
No target in view!
No target in view!
Found a club.
Found 8 stones.
You see here 8 stones.
You open the door.
Found a leather armour.
There is an open door here.
Natasha, Servant of Life and Death comes into view.
Found an escape hatch in the ceiling.
Natasha casts a spell at you. The magic dart hits you.
You see here a +0 leather armour.
Found a falchion.
You reach to attack!
You hit Natasha.
Natasha is lightly wounded.
Natasha mumbles some strange words.
You reach to attack!
You closely miss Natasha.
Natasha is lightly wounded.
You hit Natasha.
Natasha is moderately wounded.
Natasha claws you!
You barely miss Natasha.
Natasha is moderately wounded.
Natasha claws you.
You are too injured to fight recklessly!
You hit Natasha.
Natasha is heavily wounded.
Natasha casts a spell at you. The magic dart hits you!
* * * LOW HITPOINT WARNING * * *
You barely miss Natasha.
Natasha is heavily wounded.
The crimson imp blinks!
Natasha barely misses you.
You hit Natasha.
Natasha is severely wounded.
Natasha casts a spell.
You hit Natasha.
Natasha is severely wounded.
Natasha claws you!
You die...

Skill      XL: |  1  2  3 |
---------------+----------+-----
Polearms       | 3 4 |  4.2
Fighting       | |  3.7
Armour         | |  0.6
Dodging        | |  2.6
Invocations    | |  2.7

Action                   || total
-------------------------++-------
Melee: Spear             ||   143
       Punch             ||     3
 Stab: Distracted        ||     1
       Sleeping          ||     1
Armor: Leather armour    ||    23
Dodge: Dodged            ||    59

Levels and vault maps discovered:
D:1:      roderic_dead_forest, layout_loops_ring,
          shapermc_ecumenical_altar_acropolis, minmay_misc_feat_tower
D:2:      layout_basic, serial_park_tiny_1, uniq_natasha

Notes
Turn   | Place    | Note
-------+----------+-------------------------------------------
     0 | Abyss:1  | scionoferis the Merfolk Abyssal Knight began the quest for
                  | the Orb.
     0 | Abyss:1  | Reached XP level 1. HP: 18/18 MP: 2/2
     1 | D:1      | You pass through the gate.
     1 | D:1      | Escaped the Abyss
    70 | D:1      | Reached skill level 3 in Polearms
    94 | D:1      | Reached XP level 2. HP: 24/24 MP: 3/3
   582 | D:1      | Reached XP level 3. HP: 29/29 MP: 4/4
   611 | D:1      | Reached *** piety under Lugonu
   720 | D:1      | Found a faded altar of an unknown god.
   751 | D:1      | Reached skill level 4 in Polearms
  1308 | D:2      | Noticed Natasha
  1319 | D:2      | Slain by Natasha

Vanquished Creatures
  A dart slug (D:1)
  3 ball pythons (D:1 D:2)
  A bat (D:1)
  6 endoplasms (D:1)
  2 giant cockroaches (D:1)
  7 goblins (D:1 D:2)
  6 jackals (D:1)
  5 kobolds (D:1)
  3 quokkas (D:1 D:2)
  2 frilled lizards (D:1)
  3 rats (D:1)
39 creatures vanquished.

Vanquished Creatures (others)
  3 plants (D:1)
3 creatures vanquished.

Grand Total: 42 creatures vanquished

Table legend: (Time is in decaauts)
 A = Elapsed time spent in this place.
 B = Non-inter-level travel time spent in this place.
 C = Inter-level travel time spent in this place.
 D = Time resting spent in this place.
 E = Time spent auto-exploring this place.
 F = Levels seen in this place.
 G = Mean time per level.
                   A        B        C        D        E       F      G
               +--------+--------+--------+--------+--------+-----+--------+
         Total |   1304 |   1295 |      9 |      0 |   1010 |   3 |  434.7 |
       Dungeon |   1303 |   1294 |      9 |      0 |   1010 |   2 |  651.5 |
         Abyss |      1 |      1 |      0 |      0 |      0 |   1 |    1.0 |
               +--------+--------+--------+--------+--------+-----+--------+

Top non-repeatable levels by time:
     D:1: 1125 daAuts
     D:2: 177 daAuts
 Abyss:1: 1 daAuts

Table legend:
 A = Non-vault XP
 B = Vault XP
 C = Vault XP percentage of total XP
 D = Non-vault monster count
 E = Vault monster count
 F = Vault count percentage of total count
                 A         B        C        D         E       F
            +---------+---------+-------+---------+---------+-------
      Total |      70 |       0 |   0.0 |      39 |       0 |   0.0
            +---------+---------+-------+---------+---------+-------
        D:1 |      63 |       0 |   0.0 |      35 |       0 |   0.0
        D:2 |       7 |       0 |   0.0 |       4 |       0 |   0.0
            +---------+---------+-------+---------+---------+-------
